 Dungeon Crawl Stone Soup version 0.31-a0-846-gb3bcc0d938 (webtiles) character file.

Game seed: 15450439551750036984

345 croobank the Covert (level 6, 0/42 HPs)
             Began as an Octopode Delver on Oct 3, 2023.
             Slain by an orc
             ... wielding a +0 war axe
              (9 damage)
             ... on level 3 of the Dungeon.
             The game lasted 00:04:27 (1019 turns).

croobank the Covert (Octopode Delver)               Turns: 1019, Time: 00:04:28

Health: 0/42       AC:  1    Str: 11    XL:     6   Next: 58%
Magic:  6/6        EV: 13    Int: 15    God:
Gold:   105        SH:  0    Dex: 13    Spells: 5/5 levels left

rFire   . .          .
                       - Unarmed
rCold   . . .        (no shield)
rNeg    . . .        (helmet restricted)
rPois   .            (no amulet)
rElec   .            (no ring)
rCorr   .            (no ring)
SInv    .            (no ring)
Will    .....        (no ring)
Stlth   +++++        (no ring)
HPRegen 0.27/turn    (no ring)
MPRegen 0.10/turn    (no ring)
                     (no ring)

%: no passive effects
@: no status effects
A: almost no armour, amphibious, 8 rings, camouflage 1, gelatinous body 1,
(nimble swimmer 1), tentacles
a: no special abilities


You were on level 3 of the Dungeon.
You visited 1 branch of the dungeon, and saw 5 of its levels.

You collected 105 gold pieces.

Inventory:

Hand Weapons
 d - a +0 dagger
Wands
 c - a wand of charming (12)
 e - a wand of digging (3)
Scrolls
 a - a scroll of fog
 b - 2 scrolls of revelation
Potions
 i - a potion of heal wounds


   Skills:
 * Level 3.4 Fighting
 * Level 2.5 Dodging
 + Level 10.5 Stealth
 * Level 2.5 Unarmed Combat


You had 5 spell levels left.
You didn't know any spells.
Your spell library was empty.

Dungeon Overview and Level Annotations

Branches:
Dungeon (7/15)
 Temple: D:4-7

Altars:
Gozag
Wu Jian
Yredelemnul

Annotations:
D:3 Terence


Innate Abilities, Weirdness & Mutations

You cannot wear most types of armour.
You are amphibious.
You can wear up to eight rings at the same time.
Your skin changes colour to match your surroundings (Stealth+).
Your rubbery body absorbs attacks. (AC +1, EV +1)
((You are camouflaged when in or above water. (Stealth+)))
You have tentacles for arms and can constrict up to eight enemies at once.


Message History

Ijyb is severely wounded.
You constrict Ijyb. Ijyb closely misses you.
You tentacle-slap Ijyb. You squeeze Ijyb.
You kill Ijyb!
c - a wand of charming (12)
Things that are here:
a +0 dagger; a +0 leather armour
d - a +0 dagger HP restored.
Found a leather armour.
You see here a +0 leather armour.
An orc priest comes into view. It is wielding a +0 hand axe.
Terence the Incautious comes into view.
He is wielding a +0 short sword.
Natasha, Servant of Life and Death comes into view.
Found a blue potion.
Natasha claws you!
The orc priest shouts!
The orc shouts!
You tentacle-slap Natasha. You grab Natasha. You squeeze Natasha.
Natasha is moderately wounded.
You constrict Natasha.
Terence shouts!
Natasha claws you.
The orc throws a boomerang.
The boomerang hits you.
An orc comes into view. It is wielding a +0 dagger.
You barely miss Natasha. You tentacle-slap Natasha. You squeeze Natasha.
You kill Natasha!
Natasha screams in fury as she dies!
The orc attacks as it pursues you! The orc hits you with a +0 war axe!
Terence screams, "I'm going to kill you!"
The orc throws a boomerang.
The boomerang hits you but does no damage.
Terence screams, "I'm going to kill you!"
The orc throws a boomerang.
The boomerang closely misses you.
The orc throws a boomerang.
The boomerang barely misses you.
The orc priest shouts!
The orc priest calls down the wrath of Beogh upon you.
Beogh smites you!
* * * LOW HITPOINT WARNING * * *
The orc completely misses you.
You tentacle-slap the orc but do no damage.
You grab the orc. You constrict the orc. The orc hits you with a +0 war axe!
You die...

############
#.@.........
#o#######...
#.## #..# ##.
##o#......
#####o###.....
#.[..## #.###
#.###.###.##
#.# ##o#.#


You could see an orc priest and 2 orcs.

Vanquished Creatures
  An ogre (D:4)
  A scorpion (D:4)
  2 hounds
  A sleepcap (D:4)
  Natasha (twice) (D:3)
  Ijyb (D:3)
  3 adders
  A shadow imp (D:7)
  A white imp (D:6)
  2 goblins (D:4)
  2 hobgoblins
  A kobold (D:4)
  A rat (D:3)
19 creatures vanquished.

Notes
Turn   | Place    | Note
-------+----------+-------------------------------------------
     0 | D:5      | croobank the Octopode Delver began the quest for the Orb.
     0 | D:5      | Reached XP level 1. HP: 16/16 MP: 1/1
    22 | D:6      | Reached XP level 2. HP: 21/21 MP: 2/2
    54 | D:6      | Noticed a scorpion
    64 | D:6      | Reached skill level 7 in Stealth
    64 | D:6      | Reached XP level 3. HP: 26/26 MP: 3/3
   145 | D:6      | Found an ornate altar of the Wu Jian Council.
   241 | D:4      | Noticed an ogre
   250 | D:3      | Found an opulent altar of Gozag.
   256 | D:3      | Reached skill level 8 in Stealth
   256 | D:3      | Reached XP level 4. HP: 22/31 MP: 4/4
   259 | D:3      | Found a faded altar of an unknown god.
   306 | D:4      | Killed an ogre
   307 | D:4      | Reached skill level 9 in Stealth
   307 | D:4      | Reached XP level 5. HP: 9/36 MP: 5/5
   583 | D:4      | Reached skill level 10 in Stealth
   583 | D:4      | Reached XP level 6. HP: 24/42 MP: 6/6
   875 | D:3      | Noticed Ijyb
   875 | D:3      | Found a basalt altar of Yredelemnul.
   875 | D:3      | Noticed Natasha
   880 | D:3      | Killed Natasha
   917 | D:3      | Killed Ijyb
  1002 | D:3      | Noticed Terence
  1003 | D:3      | Noticed Natasha
  1005 | D:3      | Killed Natasha
  1019 | D:3      | Slain by an orc

Illustrated notes

Levels and vault maps discovered:
D:3:      layout_loops_ring, nicolae_overflow_ecumenical_swirl,
          mainiacjoe_overflow_alcove_4, uniq_terence, uniq_ijyb, uniq_natasha
D:4:      layout_gridville, gammafunk_temple_overflow_elements,
          minmay_temple_entry_stoned_glass, kennysheep_donut,
          grunt_ministairs_2, uniq_menkaure, uniq_robin, uniq_grinder,
          uniq_edmund
D:5:      layout_basic, minmay_misc_feat_cross, uniq_eustachio, uniq_sigmund,
          uniq_prince_ribbit1
D:6:      layout_rooms, mainiacjoe_overflow_small_starburst, uniq_duvessa
D:7:      kennysheep_slugbush, layout_basic, minmay_shattered_shrine

Skill      XL: |  1  2  3  4  5 |
---------------+----------------+-----
Stealth        | 7 8 9 10 | 10.5
Fighting       | |  3.4
Dodging        | |  2.5
Unarmed Combat | |  2.5

Action                     |  1- 3 |  4- 6 || total
---------------------------+-------+-------++-------
  Melee: Unarmed           |    21 |    59 ||    80
         Constrict         |     5 |    11 ||    16
         Tentacles         |     5 |    19 ||    24
         Punch             |       |     1 ||     1
    Use: Potion            |       |     2 ||     2
         Scroll            |       |     7 ||     7
   Stab: Sleeping          |     1 |     2 ||     3
 Armour: Skin              |     8 |    31 ||    39
  Dodge: Dodged            |    20 |    43 ||    63

Table legend: (Time is in decaauts)
 A = Elapsed time spent in this place.
 B = Non-inter-level travel time spent in this place.
 C = Inter-level travel time spent in this place.
 D = Time resting spent in this place.
 E = Time spent auto-exploring this place.
 F = Levels seen in this place.
 G = Mean time per level.
                   A        B        C        D        E       F      G
               +--------+--------+--------+--------+--------+-----+--------+
         Total |    997 |    980 |     17 |    292 |    290 |   5 |  199.4 |
       Dungeon |    997 |    980 |     17 |    292 |    290 |   5 |  199.4 |
               +--------+--------+--------+--------+--------+-----+--------+

Top non-repeatable levels by time:
     D:4: 463 daAuts
     D:3: 297 daAuts
     D:5: 88 daAuts
     D:6: 85 daAuts
     D:7: 62 daAuts
